 Dungeon Crawl Stone Soup version 0.29.0-4-gdea44cf6ec (webtiles) character file.

Game seed: 13132181932590368298

46 qw the Sneak (level 3, 0/23 HPs)
             Began as a Gargoyle Delver on Sept 10, 2022.
             Slain by an adder (3 damage)
             ... on level 5 of the Dungeon.
             The game lasted 00:00:11 (686 turns).

qw the Sneak (Gargoyle Delver)                       Turns: 686, Time: 00:00:12

Health: 0/23       AC:  6    Str: 17    XL:     3   Next: 66%
Magic:  3/3        EV: 11    Int: 10    God:
Gold:   11         SH:  0    Dex: 11    Spells: 2/2 levels left

rFire   . . .      SeeInvis .   a - +0 hand axe
rCold   . . .      Faith    .   (no shield)
rNeg    + . .      Spirit   .   b - +0 leather armour
rPois   inf        Reflect  .   (no helmet)
rElec   +          Harm     .   (no cloak)
rCorr   .          Rampage  .   (no gloves)
Will    .....                   (no boots)
Stlth   +++.......              (no amulet)
HPRegen 0.07/turn               (no ring)
MPRegen 0.08/turn               (no ring)

@: no status effects
A: sickness immunity, AC +3, negative energy resistance 1, electricity
resistance, torment resistance 1, petrification resistance
a: no special abilities


You were on level 5 of the Dungeon.
You visited 1 branch of the dungeon, and saw 1 of its levels.

You collected 11 gold pieces.


Innate Abilities, Weirdness & Mutations

You are immune to sickness and miasma.
Your stone body is resilient. (AC +3)
You are immune to poison.
You resist negative energy. (rN+)
You are resistant to electric shocks. (rElec)
You are resistant to unholy torment.
You are immune to petrification.


   Skills:
 - Level 3.2 Fighting
 + Level 3.5 Axes
 - Level 1.5 Dodging
 - Level 5.4 Stealth


You had 2 spell levels left.
You didn't know any spells.
Your spell library was empty.

Inventory:

Hand Weapons
 a - a +0 hand axe (weapon)
 j - a +0 flail
Armour
 b - a +0 leather armour (worn)
 h - a +0 ring mail
 i - a +0 plate armour
Wands
 g - a wand of digging (3)
Scrolls
 c - a scroll of fog
 d - a scroll of magic mapping
 e - a scroll of fear
Potions
 f - a potion of haste
 k - a potion of mutation {unknown}

Dungeon Overview and Level Annotations

Branches:
Dungeon (5/15)
 Temple: D:4-7

Altars:


Message History

The orc hits you with a +0 hand axe. The orc misses you.
You hit the orc.
The orc is severely wounded.
You closely miss the orc wizard. You barely miss the orc. You hit the orc.
The orc closely misses you. The orc barely misses you.
The orc wizard casts a spell at you. The magic dart hits you.
The orc barely misses you.
You slash the orc!
You kill the orc!
You hit the orc wizard. You hit the orc. You closely miss the orc.
The orc hits you but does no damage.
The orc wizard hits you but does no damage.
The orc hits you with a +0 hand axe.
You hit the orc.
The orc is almost dead.
You barely miss the orc. You hit the adder. You hit the orc wizard.
The adder barely misses you. The adder bites you but does no damage.
The orc barely misses you. The orc hits you but does no damage.
You hit the orc but do no damage.
The orc is almost dead.
You hit the orc but do no damage. You closely miss the adder.
You barely miss the orc wizard. The adder bites you but does no damage.
The orc wizard hits you with a +0 dagger.
The orc hits you but does no damage.
You closely miss the orc.
The orc is almost dead.
You hit the adder.
You hit the orc wizard but do no damage.
You barely miss the orc. You hit the ogre. The adder misses you.
The orc wizard hits you but does no damage.
The orc hits you but does no damage. x2; The ogre barely misses you.
The adder closely misses you.
You hit the orc but do no damage.
The orc is almost dead.
You closely miss the orc wizard. You closely miss the orc.
You hit the ogre but do no damage. You closely miss the adder.
The adder bites you.
You die...

#.# #.# ... #.#
... #.# .. .....
#.# ... .....
#.#####...
.....##o........
......oO@o.......
.......So).......
.................
.................
........#######.
###.....#
#.....##########
#.......)......#
#....#########.#


You could see an ogre, an orc wizard, an adder and 3 orcs.

Vanquished Creatures
  A hound (D:5)
  8 orcs (D:5)
9 creatures vanquished.

Notes
Turn   | Place    | Note
-------+----------+-------------------------------------------
     0 | D:5      | qw the Gargoyle Delver began the quest for the Orb.
     0 | D:5      | Reached XP level 1. HP: 14/14 MP: 1/1
     0 | D:5      | 0 ||| qw: Version: 0.1-a-116-g5d60599
     0 | D:5      | 0 ||| qw: Game counter: 9335
     0 | D:5      | 0 ||| qw: Always use a shield: true
     0 | D:5      | 0 ||| qw: God list: Okawaru
     0 | D:5      | 0 ||| qw: Allow faded altars: false
     0 | D:5      | 0 ||| qw: Do Orc after D:15 true
     0 | D:5      | 0 ||| qw: Do second Lair branch before Depths: true
     0 | D:5      | 0 ||| qw: Lair rune preference: random
     0 | D:5      | 0 ||| qw: Plans: Normal
     0 | D:5      | 0 ||| PLANNING D:1-11
   310 | D:5      | Noticed a hound
   323 | D:5      | HP: 3/14 [hound (1)]
   324 | D:5      | Killed a hound
   325 | D:5      | Reached skill level 3 in Axes
   325 | D:5      | Reached XP level 2. HP: 4/19 MP: 2/2
   325 | D:5      | Reached XP level 3. HP: 5/23 MP: 3/3
   420 | D:5      | 420 ||| Stepping ~*~*~tactically~*~*~ (stealth).
   424 | D:5      | 424 ||| Stepping ~*~*~tactically~*~*~ (stealth).
   431 | D:5      | 431 ||| Stepping ~*~*~tactically~*~*~ (stealth).
   654 | D:5      | 654 ||| Stepping ~*~*~tactically~*~*~ (stealth).
   656 | D:5      | 656 ||| Stepping ~*~*~tactically~*~*~ (stealth).
   670 | D:5      | 670 ||| Stepping ~*~*~tactically~*~*~ (stealth).
   672 | D:5      | 672 ||| Stepping ~*~*~tactically~*~*~ (stealth).
   678 | D:5      | Noticed an ogre
   682 | D:5      | HP: 4/23 [orc/+0 hand axe (6)]
   686 | D:5      | Slain by an adder

Levels and vault maps discovered:
D:5:      layout_basic

Skill      XL: |  1 |
---------------+----+-----
Axes           | 3 |  3.5
Fighting       | |  3.2
Dodging        | |  1.5
Stealth        | |  5.4

Action                   || total
-------------------------++-------
Melee: Hand axe          ||    48
Armor: Leather armour    ||    27
Dodge: Dodged            ||    32

Table legend:
 A = Non-vault XP
 B = Vault XP
 C = Vault XP percentage of total XP
 D = Non-vault monster count
 E = Vault monster count
 F = Vault count percentage of total count
                 A         B        C        D         E       F
            +---------+---------+-------+---------+---------+-------
      Total |      66 |       0 |   0.0 |       9 |       0 |   0.0
            +---------+---------+-------+---------+---------+-------
        D:5 |      66 |       0 |   0.0 |       9 |       0 |   0.0
            +---------+---------+-------+---------+---------+-------
